 Dungeon Crawl Stone Soup version 0.27.0-66-gdc8fb28755 (webtiles) character file.

Game seed: 11853920796525864026

896 funkygono the Firebug (level 8, -2/67 HPs)
             Began as a Gargoyle Fire Elementalist on Aug 19, 2021.
             Slain by Pikel (12 damage)
             ... on level 5 of the Dungeon.
             The game lasted 00:09:11 (4635 turns).

funkygono the Firebug (Gargoyle Fire Elementalist)  Turns: 4635, Time: 00:09:12

Health: -2/67      AC: 27    Str: 13    XL:     8   Next: 7%
Magic:  14/14      EV:  2    Int: 17    God:
Gold:   131        SH:  5    Dex: 10    Spells: 2/15 levels left

rFire    . . .     SeeInvis .   h - +1 whip (holy)
rCold    . . .     Faith    .   d - +2 buckler {AC+3}
rNeg     + + +     Spirit   .   (armour currently unavailable)
rPois    ∞         Reflect  .   (helmet currently unavailable)
rElec    .         Harm     .   (cloak currently unavailable)
rCorr    .         Rampage  .   (gloves currently unavailable)
Will     .....     NoTele   +   (boots currently unavailable)
Stlth    ++........             (no amulet)
HPRegen  0.21/turn              (no ring)
MPRegen  0.14/turn              (no ring)

@: tree-form
A: stationary, stasis, torment immunity, boosted hp, sickness immunity, AC +5,
negative energy resistance 1, (electricity resistance), torment resistance 1,
petrification resistance, (hooves 1), (fire resistance 1), (teleportitis 1)
a: no special abilities


You were on level 5 of the Dungeon.
You were a tree.
You visited 1 branch of the dungeon, and saw 5 of its levels.

You collected 131 gold pieces.

Inventory:

Hand Weapons
 h - a +1 whip of holy wrath (weapon)
Missiles
 g - 125 stones
Armour
 a - a +0 robe (melded)
 b - a +0 helmet (melded)
 d - a +2 buckler of protection (worn)
 o - a +0 leather armour
Scrolls
 f - 5 scrolls of teleportation
 j - a scroll of fear
Potions
 e - a potion of cancellation
 k - a potion of magic


   Skills:
 + Level 2.4 Fighting
 + Level 3.0 Maces & Flails
 + Level 2.7 Dodging
 - Level 2.1 Stealth
 + Level 1.2 Shields
 + Level 4.4 Spellcasting
 + Level 4.3 Conjurations
 + Level 4.9 Fire Magic


You had 2 spell levels left.
You knew the following spells:

 Your Spells              Type           Power      Damage    Failure   Level
a - Foxfire               Conj/Fire      76%        2x1d7     3%          1
b - Conjure Flame         Conj/Fire      19%        6-21      10%         3
c - Sticky Flame          Conj/Fire      19%        2d4       30%         4
d - Fireball              Conj/Fire      9%         3d6       65%         5

Your spell library contained the following spells:

 Spells                   Type           Power      Damage    Failure   Level
 Magic Dart               Conj           72%        1d6       3%          1
 Blink                    Tloc           N/A        N/A       32%         2
 Call Imp                 Summ           3%         N/A       32%         2
 Inner Flame              Hex/Fire       12%        N/A       22%         3
 Mephitic Cloud           Conj/Pois/Air  8%         N/A       34%         3
 Lesser Beckoning         Tloc           1%         N/A       54%         3
 Petrify                  Tmut/Erth      3%         N/A       91%         4
 Irradiate                Conj/Tmut      5%         3d15      94%         5
 Manifold Assault         Tloc           3%         N/A       99%         5
 Sublimation of Blood     Necr           Unusable   N/A       N/A         2

Dungeon Overview and Level Annotations

Branches:
Dungeon (5/15)
 Temple: D:4-7

Altars:
Kikubaaqudgha

Shops:
D:4 ?!(

Annotations:
D:5 Pikel


Innate Abilities, Weirdness & Mutations

You are a tree.
Your roots penetrate the ground, keeping you stationary.
You cannot be teleported.
You are immune to unholy pain and torment.
Your maximum health is greatly increased.
Your equipment is partially melded.
You are immune to sickness and miasma.
((Your stone body is resilient. (AC +5)))
You are immune to poison.
You resist negative energy. (rN+)
((You are resistant to electric shocks. (rElec)))
You are resistant to unholy torment.
You are immune to petrification.
((You have large cloven feet.))
((Your flesh is heat resistant. (rF+)))
((You are occasionally teleported next to monsters.))


Message History

You hit Pikel but do no damage.
Pikel is severely wounded.
Pikel barely misses you.
You barely miss Pikel.
Pikel is severely wounded.
Pikel hits you with a +0 whip of electrocution.
You hit Pikel.
Pikel is severely wounded.
Pikel hits you with a +0 whip of electrocution.
* * * LOW HITPOINT WARNING * * *
You hit Pikel.
Pikel is severely wounded.
Pikel misses you.
You closely miss Pikel.
Pikel is severely wounded.
Pikel hits you with a +0 whip of electrocution.
* * * LOW HITPOINT WARNING * * *
You hit Pikel but do no damage.
Pikel is severely wounded.
Pikel barely misses you.
You hit Pikel but do no damage.
Pikel is severely wounded.
You block Pikel's attack.
You hit Pikel but do no damage.
Pikel is severely wounded.
The iguana hisses menacingly.
Pikel barely misses you.
You closely miss Pikel.
Pikel is severely wounded.
Pikel hits you with a +0 whip of electrocution.
* * * LOW HITPOINT WARNING * * *
It was a potion of mutation.
You feel extremely strange.
You feel weirdly uncertain.
You feel resistant to heat.
Your feet thicken and deform.
Pikel hits you but does no damage.
It was a potion of lignification.
You turn into a tree.
Your +0 helmet melds into your body.
Your +0 robe melds into your body.
Your roots penetrate the ground.
Pikel hits you but does no damage.
You are electrocuted!
You die...

#......#..+##.....
#......#.....#####
#######.†..#.#v....##
...........#.........
...........##....#.#.
.......÷...##........
#+#####l#####....#.#.
#K# #........ #♣#
##>...... #.# .......
#.# ##....... #.#
##...≈≈ #÷# ...≈≈≈.
#.##.≈≈≈≈..
#....≈...§≈
###.†..§§≈≈ #...≈≈§§.


You could see Pikel and an iguana.

Vanquished Creatures
  2 water moccasins (D:5)
  A necrophage (D:3)
  A centaur (D:4)
  4 lemures (D:5)
  Blork the orc (D:5)
  A scorpion (D:4)
  A howler monkey (D:5)
  A hound (D:5)
  An orc priest (D:4)
  2 iguanas
  2 jellies
  A scorpion zombie (D:5)
  An orc wizard (D:4)
  6 adders
  An adder skeleton (D:4)
  A worm (D:4)
  4 dart slugs
  3 orcs (D:4)
  5 endoplasms
  6 giant cockroaches
  8 hobgoblins
  6 jackals
  3 kobolds
  2 quokkas
  4 ball pythons
  7 bats
  7 frilled lizards
  10 goblins
  4 rats (D:1)
96 creatures vanquished.

Vanquished Creatures (others)
  278 foxfires
278 creatures vanquished.

Grand Total: 374 creatures vanquished

Notes
Turn   | Place    | Note
-------+----------+-------------------------------------------
     0 | D:1      | funkygono the Gargoyle Fire Elementalist began the quest
                  | for the Orb.
     0 | D:1      | Reached XP level 1. HP: 10/10 MP: 3/3
   236 | D:1      | Reached XP level 2. HP: 15/15 MP: 1/5
   960 | D:1      | Reached XP level 3. HP: 19/19 MP: 3/6
  1347 | D:2      | Learned a level 3 spell: Conjure Flame
  1784 | D:2      | Reached XP level 4. HP: 17/24 MP: 4/7
  1891 | D:2      | Learned a level 4 spell: Sticky Flame
  2916 | D:3      | Identified a scroll of acquirement
  2916 | D:3      | Acquired a +2 buckler of protection
  2961 | D:4      | Noticed a necrophage
  2983 | D:3      | Killed a necrophage
  2984 | D:3      | Reached skill level 1 in Maces & Flails
  2984 | D:3      | Reached XP level 5. HP: 23/28 MP: 6/9
  3088 | D:4      | Reached skill level 1 in Fighting
  3137 | D:4      | Found Hirikent's Antique Weapon Boutique.
  3156 | D:4      | Reached XP level 6. HP: 34/34 MP: 6/11
  3340 | D:4      | Found Piwnarik's Distillery.
  3503 | D:4      | You fall into a shaft and drop 1 floor!
  3503 | D:5      | Entered Level 5 of the Dungeon
  3549 | D:5      | Reached XP level 7. HP: 39/39 MP: 4/12
  3624 | D:5      | Learned a level 5 spell: Fireball
  3751 | D:4      | Found an ancient bone altar of Kikubaaqudgha.
  3890 | D:4      | Found Toeryinga's Magic Scroll Shoppe.
  4206 | D:5      | Noticed Blork the orc
  4212 | D:5      | Killed Blork the orc
  4213 | D:5      | Reached skill level 1 in Shields
  4531 | D:5      | Noticed Pikel
  4619 | D:5      | Reached XP level 8. HP: 21/45 MP: 14/14
  4634 | D:5      | Gained mutation: You are occasionally teleported next to
                  | monsters. [potion of mutation]
  4634 | D:5      | Gained mutation: Your flesh is heat resistant. (rF+)
                  | [potion of mutation]
  4634 | D:5      | Gained mutation: You have large cloven feet. [potion of
                  | mutation]
  4635 | D:5      | Slain by Pikel

Illustrated notes

Levels and vault maps discovered:
D:1:      elethiomel_arrival_infinity_welcomes_careful_drivers, layout_basic
D:2:      layout_rooms
D:3:      layout_basic, serial_bayou_crossing
D:4:      layout_loops_ring, lemuel_coloured_pillars_altar, serial_shops,
          shop_scrolls, nicolae_take_the_stairs, shop
D:5:      layout_basic, mainiacjoe_overflow_catch_the_wave,
          minmay_temple_entry_tees, serial_glass, glass_columns_b,
          glass_columns_a, glass_columns_c, glass_columns_a,
          gammafunk_ghost_necromancy, uniq_edmund, uniq_blork_the_orc,
          uniq_duvessa, uniq_pikel

Skill      XL: |  1  2  3  4  5  6  7 |
---------------+----------------------+-----
Conjurations   | 2 3 4 |  4.3
Maces & Flails | 1 3 |  3.0
Dodging        | 2 |  2.7
Spellcasting   | 3 4 |  4.4
Fire Magic     | 4 |  4.9
Fighting       | 1 2 |  2.4
Shields        | 1 |  1.2
Stealth        | |  2.1

Action                   |  1- 3 |  4- 6 |  7- 9 || total
-------------------------+-------+-------+-------++-------
Melee: Unarmed           |     2 |       |       ||     2
       Club              |    15 |       |       ||    15
       Whip              |     1 |    49 |   124 ||   174
 Cast: Foxfire           |    68 |    47 |    50 ||   165
  Use: Scroll            |     2 |     7 |     4 ||    13
       Potion            |       |       |     4 ||     4
 Stab: Sleeping          |       |     1 |       ||     1
Armor: Robe              |     6 |    23 |    38 ||    67
       Skin              |       |       |     1 ||     1
Dodge: Dodged            |    17 |    20 |    82 ||   119
Block: Buckler           |       |     7 |    31 ||    38
